 Dungeon Crawl Stone Soup version 0.29.1-15-g9cfb28693d (webtiles) character file.

Game seed: 10339047145278648712

128 zeram the Shooter (level 4, -11/22 HPs)
             Began as a Spriggan Hunter on Apr 10, 2023.
             Killed from afar by Sigmund (18 damage)
             ... with a puff of flame
             ... on level 3 of the Dungeon.
             The game lasted 00:02:20 (1944 turns).

zeram the Shooter (Spriggan Hunter)                 Turns: 1944, Time: 00:02:21

Health: -11/22     AC:  2    Str:  7    XL:     4   Next: 87%
Magic:  5/5        EV: 18    Int: 12    God:
Gold:   101        SH:  0    Dex: 18    Spells: 3/3 levels left

rFire   . . .      SeeInvis +   f - +4 sling
rCold   . . .      Faith    .   (no shield)
rNeg    . . .      Spirit   .   c - +0 robe
rPois   .          Reflect  .   (helmet restricted)
rElec   .          Harm     .   (no cloak)
rCorr   .          Rampage  .   (gloves unavailable)
Will    .....                   (boots unavailable)
Stlth   ++........              (no amulet)
HPRegen 0.07/turn               (no ring)
MPRegen 0.09/turn               (no ring)

@: very quick
A: very small, no large weapons, unfitting armour, see invisible, speed 3
a: no special abilities


You were on level 3 of the Dungeon.
You visited 1 branch of the dungeon, and saw 3 of its levels.

You collected 101 gold pieces.

Inventory:

Hand Weapons
 a - a +0 shortbow
 f - a +4 sling (weapon)
Armour
 c - a +0 robe (worn)
Scrolls
 b - a scroll of immolation
 g - 2 scrolls of identify
 h - a scroll of blinking {unknown}
 i - a scroll of enchant armour {unknown}
Potions
 d - a potion of heal wounds
 e - a potion of ambrosia {unknown}
 j - a potion of might {unknown}


   Skills:
 - Level 1.5 Fighting
 + Level 6.2 Ranged Weapons
 + Level 3.0 Dodging
 - Level 1.5 Stealth


You had 3 spell levels left.
You didn't know any spells.
Your spell library contained the following spells:

 Spells                   Type           Power      Damage    Failure   Level
 Gell's Gravitas          Tloc           0%         N/A       69%         3
 Lesser Beckoning         Tloc           0%         N/A       69%         3
 Portal Projectile        Hex/Tloc       0%         N/A       69%         3
 Teleport Other           Tloc           0%         N/A       69%         3
 Tukima's Dance           Hex            0%         N/A       69%         3
 Blade Hands              Tmut           0%         N/A       100%        5


Dungeon Overview and Level Annotations

Branches:
Dungeon (3/15)

Altars:
Qazlal
Zin

Shops:
D:3 *

Annotations:
D:3 Sigmund


Innate Abilities, Weirdness & Mutations

You are very small and have problems with some larger weapons.
You are too small for most types of armour.
You have supernaturally acute eyesight. (SInv)
You cover ground extremely quickly. (Speed+++)


Message History

You shoot a sling bullet.
The sling bullet completely misses Sigmund.
You shoot a sling bullet. The sling bullet hits Sigmund.
Sigmund is heavily wounded.
You shoot a sling bullet. The sling bullet hits Sigmund.
Sigmund is heavily wounded.
Sigmund hits you from afar with a +0 scythe.
You shoot a sling bullet. The sling bullet hits the orc!
You kill the orc!
Sigmund closely misses you.
You shoot a sling bullet.
The sling bullet hits Sigmund but does no damage.
Sigmund is heavily wounded.
You shoot a sling bullet. The sling bullet hits Sigmund.
Sigmund is heavily wounded.
Sigmund drinks a potion.
Sigmund's spells are empowered!
Sigmund casts a spell at you. The magic dart hits you.
You are too injured to fight recklessly!
You are too injured to fight recklessly!
You are too injured to fight recklessly!
You are too injured to fight recklessly!
You are too injured to fight recklessly!
You are too injured to fight recklessly!
You are too injured to fight recklessly!
You are too injured to fight recklessly!
You are too injured to fight recklessly!
You are too injured to fight recklessly!
You are too injured to fight recklessly!
You are too injured to fight recklessly!
You are too injured to fight recklessly!
You are too injured to fight recklessly!
You are too injured to fight recklessly!
You are too injured to fight recklessly!
You are too injured to fight recklessly!
Unknown command.
Sigmund casts a spell at you. The puff of flame hits you!!
Ouch! That really hurt!
You die...

#.#.....#
#..........#
#.##....#
#########.##
#.......# ##.#
##.##.#.##### ####..#
#.##.#.#...###.....##
#.##.......##..###..#
#.####.#...##.##⌠##.#
#.####.##.###..#_#..#
#......##..@.......##
###########.#.......#
#.#...∩...#.
#.##....))....
#.##.@..#####.#
#.@#.#### ##...#
#####


You could see Sigmund (empowered, invisible).

Vanquished Creatures
  An orc wizard (D:3)
  4 adders
  3 worms
  A dart slug (D:2)
  2 orcs (D:3)
  5 ball pythons
  4 bats
  6 endoplasms
  A giant cockroach (D:2)
  6 goblins
  4 hobgoblins
  2 jackals (D:2)
  5 quokkas
  2 frilled lizards
  8 rats
54 creatures vanquished.

Notes
Turn   | Place    | Note
-------+----------+-------------------------------------------
     0 | D:1      | zeram the Spriggan Hunter began the quest for the Orb.
     0 | D:1      | Reached XP level 1. HP: 10/10 MP: 2/2
   186 | D:1      | Found a faded altar of an unknown god.
   355 | D:1      | Reached XP level 2. HP: 14/14 MP: 3/3
   965 | D:2      | Reached skill level 5 in Ranged Weapons
   965 | D:2      | Reached XP level 3. HP: 18/18 MP: 4/4
  1224 | D:2      | Reached XP level 4. HP: 22/22 MP: 5/5
  1286 | D:2      | Found a stormy altar of Qazlal.
  1473 | D:3      | Found a glowing silver altar of Zin.
  1473 | D:3      | Found Zin's Purification Station.
  1924 | D:3      | Reached skill level 6 in Ranged Weapons
  1924 | D:3      | Noticed Sigmund
  1944 | D:3      | Killed from afar by Sigmund

Illustrated notes

Levels and vault maps discovered:
D:1:      co_arrival_random_square_maze, layout_loops_ring,
          ebering_ecumenical_altar_hall, chequers_serial_rivers_micro_e
D:2:      layout_rooms, basic_altar
D:3:      layout_loops_cross, minitemple, zin_purify,
          mainiacjoe_overflow_alcove_4, chequers_serial_rivers_room_a,
          minmay_close_crescents, uniq_sigmund, uniq_grinder,
          uniq_crazy_yiuf_cottage

Skill      XL: |  1  2  3  4 |
---------------+-------------+-----
Ranged Weapons | 5 6 |  6.2
Dodging        | 3 |  3.0
Fighting       | |  1.5
Stealth        | |  1.5

Action                   |  1- 3 |  4- 6 || total
-------------------------+-------+-------++-------
 Fire: Shortbow          |    59 |       ||    59
       Sling             |    30 |    71 ||   101
  Use: Scroll            |     2 |     1 ||     3
Armor: Robe              |     1 |     1 ||     2
Dodge: Dodged            |    23 |    17 ||    40
